 Dungeon Crawl Stone Soup version 0.31-a0-640-g39d97e502b (webtiles) character file.

Game seed: 6156051298087145956

2 qw the Shooter (level 1, -1/12 HPs)
             Began as a Gargoyle Hunter on Aug 27, 2023.
             Slain by a goblin
             ... wielding a +0 club
              (3 damage)
             ... on level 1 of the Dungeon.
             The game lasted 00:00:01 (28 turns).

qw the Shooter (Gargoyle Hunter)                      Turns: 28, Time: 00:00:01

Health: -1/12      AC:  5    Str: 14    XL:     1   Next: 30%
Magic:  1/1        EV: 11    Int:  9    God:
Gold:   0          SH:  0    Dex: 13    Spells: 0/0 levels left

rFire   . . .        a - +0 shortbow
rCold   . . .        (shield currently unavailable)
rNeg    + . .        c - +0 leather armour
rPois   inf          (no helmet)
rElec   +            (no cloak)
rCorr   .            (no gloves)
SInv    .            (no boots)
Will    .....        (no amulet)
Stlth   +            (no ring)
HPRegen 0.22/turn    (no ring)
MPRegen 0.07/turn

%: no passive effects
@: no status effects
A: sickness immunity, AC +2, negative energy resistance 1, electricity
resistance, torment resistance 1, petrification resistance
a: no special abilities


You were on level 1 of the Dungeon.
You visited 1 branch of the dungeon, and saw 1 of its levels.


Innate Abilities, Weirdness & Mutations

You are immune to sickness and miasma.
Your stone body is resilient. (AC +2)
You are immune to poison.
You resist negative energy. (rN+)
You are resistant to electric shocks. (rElec)
You are resistant to unholy torment.
You are immune to petrification.


   Skills:
 - Level 2.1 Fighting
 + Level 4.1 Ranged Weapons
 - Level 1.5 Dodging
 - Level 1.1 Stealth


You couldn't memorise any spells.
You didn't know any spells.
Your spell library was empty.

Inventory:

Hand Weapons
 a - a +0 shortbow (weapon)
Armour
 c - a +0 leather armour (worn)
Scrolls
 b - a scroll of butterflies
 d - a scroll of blinking {unknown}

Dungeon Overview and Level Annotations

Branches:
Dungeon (1/15)

Altars:


Message History

Press ? for a list of commands and other information.
Found a scroll labelled NIYVVERADGH.
Found a staircase leading out of the dungeon.
Waypoint 0 assigned to D:1.
0 ||| PLANNING D:1-11
d - a scroll labelled NIYVVERADGH A goblin comes into view.
It is wielding a +0 dagger.
You shoot an arrow. The arrow hits the goblin.
The goblin shouts!
The goblin is moderately wounded.
You shoot an arrow. The arrow barely misses the goblin.
A kobold comes into view. It is wielding a +0 short sword.
You shoot an arrow. The arrow misses the goblin.
You shoot an arrow. The arrow closely misses the goblin.
You hear a shout!
The kobold hits you with a +0 short sword.
The goblin barely misses you.
You shoot an arrow. The arrow hits the goblin.
You kill the goblin!
A giant cockroach comes into view.
The kobold misses you.
A goblin comes into view. It is wielding a +0 club.
You shoot an arrow. The arrow barely misses the kobold.
The kobold hits you but does no damage.
You shoot an arrow. The arrow hits the kobold.
The kobold is moderately wounded.
The kobold hits you with a +0 short sword.
The goblin barely misses you.
You shoot an arrow.
The arrow hits the kobold but does no damage.
The kobold is moderately wounded.
The kobold hits you but does no damage. The goblin hits you with a +0 club.
The goblin closely misses you. The kobold barely misses you.
You shoot an arrow. The arrow hits the kobold.
You kill the kobold!
The goblin barely misses you. The giant cockroach barely misses you.
You shoot an arrow.
The arrow closely misses the giant cockroach.
The giant cockroach bites you. The goblin hits you with a +0 club.
You die...

# .# ######
####.#
##....####..B.#
#......##..@g.#
##..##..##..##.#
#....#..##..# ..
#..<.#..##..#
...
##..##..##..#
###
....##......#
#....####....##
##### ######


You could see a giant cockroach and a goblin.

Vanquished Creatures
  A goblin (D:1)
  A kobold (D:1)
2 creatures vanquished.

Notes
Turn   | Place    | Note
-------+----------+-------------------------------------------
     0 | D:1      | qw the Gargoyle Hunter began the quest for the Orb.
     0 | D:1      | Reached XP level 1. HP: 12/12 MP: 1/1
     0 | D:1      | 0 ||| qw: Version: 0.3-a-74-g0d5e918
     0 | D:1      | 0 ||| qw: Game counter: 106
     0 | D:1      | 0 ||| qw: Melee chars always use a shield: true
     0 | D:1      | 0 ||| qw: God list: Okawaru
     0 | D:1      | 0 ||| qw: Allow faded altars: false
     0 | D:1      | 0 ||| qw: Do Orc after clearing Dungeon:15 true
     0 | D:1      | 0 ||| qw: Do second Lair branch before Depths: true
     0 | D:1      | 0 ||| qw: Lair rune preference: random
     0 | D:1      | 0 ||| qw: Goals: Normal
     0 | D:1      | 0 ||| PLANNING D:1-11
    28 | D:1      | HP: 2/12 [giant cockroach (2)]
    28 | D:1      | Slain by a goblin

Levels and vault maps discovered:
D:1:      minmay_arrival_wavy_path, layout_basic

Action                     || total
---------------------------++-------
   Fire: Shortbow          ||    10
 Armour: Leather armour    ||     2
  Dodge: Dodged            ||     7

Table legend:
 A = Non-vault XP
 B = Vault XP
 C = Vault XP percentage of total XP
 D = Non-vault monster count
 E = Vault monster count
 F = Vault count percentage of total count
                 A         B        C        D         E       F
            +---------+---------+-------+---------+---------+-------
      Total |       3 |       0 |   0.0 |       2 |       0 |   0.0
            +---------+---------+-------+---------+---------+-------
        D:1 |       3 |       0 |   0.0 |       2 |       0 |   0.0
            +---------+---------+-------+---------+---------+-------
